 Dungeon Crawl Stone Soup version 0.21-a0-55-gb612c23 (webtiles) character file.

28 xgamer67 the Gusty (level 3, 0/28 HPs)
             Began as a Tengu Air Elementalist on June 16, 2017.
             Succumbed to an adder's poison
             ... on level 2 of the Dungeon.
             The game lasted 00:04:28 (1539 turns).

xgamer67 the Gusty (Tengu Air Elementalist)         Turns: 1539, Time: 00:04:28

Health: 0/28       AC: 21    Str:  8    XL:     3   Next: 12%
Magic:  5/7        EV:  2    Int: 21    God:
Gold:   37         SH:  0    Dex: 14    Spells: 0/6 levels left

rFire    . . .     SeeInvis .   a - +0 dagger
rCold    . . .     Gourm    .   (no shield)
rNeg     + + +     Faith    .   (armour currently unavailable)
rPois    +         Spirit   .   (helmet currently unavailable)
rElec    .         Reflect  .   (cloak currently unavailable)
rCorr    .         Harm     .   (gloves currently unavailable)
MR       .....     NoTele   +   (boots unavailable)
Stlth    ++........             (no amulet)
HPRegen  0.09/turn              (no ring)
MPRegen  0.10/turn              (no ring)

@: brilliant, lethally poisoned (0 -> -3), tree-form
A: no striking features
a: no special abilities


You were on level 2 of the Dungeon.
You were not hungry.
You were a tree.
You visited 1 branch of the dungeon, and saw 2 of its levels.

You collected 37 gold pieces.

Inventory:

Hand Weapons
 a - a +0 dagger (weapon)
Armour
 e - a +0 robe (melded)
Scrolls
 d - a scroll of enchant armour {unknown}
 f - a scroll of identify {unknown}
 i - a scroll of fog {unknown}
Books
 b - a book of Air

   Spells                             Type                      Level
   a - Shock                          Conjuration/Air              1
   b - Swiftness                      Charms/Air                   2
   c - Static Discharge               Conjuration/Air              3
   d - Airstrike                      Air                          4
   e - Lightning Bolt                 Conjuration/Air              5
Comestibles
 c - 4 bread rations


   Skills:
 - Level 2.1 Dodging
 - Level 2.0 Stealth
 - Level 2.0 Spellcasting
 + Level 4.0 Conjurations
 - Level 4.0 Air Magic


You couldn't memorise any spells.
You knew the following spells:

 Your Spells              Type           Power        Failure   Level  Hunger
a - Shock                 Conj/Air       ####         1%          1    #......
b - Static Discharge      Conj/Air       ####....     1%          3    ###....
e - Swiftness             Chrm/Air       ###.....     1%          2    ##.....


Dungeon Overview and Level Annotations

Branches:
Dungeon (2/15)

Altars:

Annotations:
D:2 exclusion: adder


Innate Abilities, Weirdness & Mutations

((You have a beak for a mouth.))
((You have claws for feet.))


Message History

The bat hits you but does no damage. x2
It was a potion of brilliance.
You feel clever all of a sudden. The bat hits you but does no damage.
Casting: Shock
Confirm with . or Enter, or press ? or * to list all spells.
Aiming: Shock
Press: ? - help, Shift-Dir - straight line The zap hits the adder.
The adder is lightly wounded.
The adder bites you but does no damage. The adder bites you.
* * * LOW HITPOINT WARNING * * *
Casting: Shock
Confirm with . or Enter, or press ? or * to list all spells.
Aiming: Shock
Press: ? - help, Shift-Dir - straight line The zap misses the adder.
The zap hits the kobold.
You kill the kobold!
Your Conjurations skill increases to level 4!
You die...

.......# #............#......#.##
.......###.........#.####++###'##
.........#.......#.#.# #.........
.........#...........# #.........
.........#####....#..# #.........
.......#...# #....#..###.........
#####......# ###'###........#####
#....#...#####.#......##'## #
###............#♣#..>...# #
...............#S#......# #
.......(#......)lb.#....# #
......#.#..........#....# #
......#.#..........#......
......#.#.........##.......
......#.#######...##........
......#.# #...##........
..(...#.# #...#


You could see an adder, a leopard gecko and a bat.

Vanquished Creatures
  A worm (D:2)
  2 dart slugs (D:2)
  A leopard gecko (D:2)
  5 bats
  2 goblins
  3 hobgoblins
  4 kobolds
  A rat (D:1)
19 creatures vanquished.

Notes
Turn   | Place    | Note
-------+----------+-------------------------------------------
     0 | D:1      | xgamer67 the Tengu Air Elementalist began the quest for the Orb.
     0 | D:1      | Reached XP level 1. HP: 10/10 MP: 4/4
     6 | D:1      | Noticed a swamp worm
     6 | D:1      | Noticed a water moccasin
     6 | D:1      | Noticed a wyvern
     7 | D:1      | Noticed a polar bear
   418 | D:1      | Reached XP level 2. HP: 6/15 MP: 4/6
   427 | D:1      | Learned a level 2 spell: Swiftness
  1105 | D:2      | Reached XP level 3. HP: 7/19 MP: 0/7
  1123 | D:2      | Learned a level 3 spell: Static Discharge
  1538 | D:2      | HP: 1/28 [adder (2)]
  1539 | D:2      | Succumbed to an adder's poison

Vault maps used:
D:1:      onia_arrival_zoo_common
D:2:      first_bread, kennysheep_generic_room_15

Skill      XL: |  1  2  3 |
---------------+----------+-----
Conjurations   | 2 3 4 |  4.0
Dodging        | |  2.1
Stealth        | |  2.0
Spellcasting   | |  2.0
Air Magic      | |  4.0

Action                   || total
-------------------------++-------
Melee: Unarmed           ||     8
       Dagger            ||    28
       Kick              ||     7
       Club              ||     3
       Short sword       ||     3
       Peck              ||     2
 Cast: Shock             ||    23
  Use: Potion            ||     2
 Stab: Sleeping          ||     2
  Eat: Chunk             ||     2
Armor: Robe              ||    39
       Skin              ||     4
Dodge: Dodged            ||    83
